 Dungeon Crawl Stone Soup version 0.29-a0-80-g3050e97935 (webtiles) character file.

Game seed: 6142762829578590512

71 EiAlmux the Conjurer (level 4, -2/25 HPs)
             Began as a Deep Elf Conjurer on Feb 4, 2022.
             Slain by Sigmund (3 damage)
             ... on level 2 of the Dungeon.
             The game lasted 00:05:10 (1949 turns).

EiAlmux the Conjurer (Deep Elf Conjurer)            Turns: 1949, Time: 00:05:11

Health: -2/25      AC:  3    Str:  4    XL:     4   Next: 5%
Magic:  4/11       EV: 12    Int: 25    God:
Gold:   51         SH:  0    Dex: 13    Spells: 6/9 levels left

rFire   . . .      SeeInvis .   e - +0 short sword
rCold   . . .      Faith    .   (no shield)
rNeg    . . .      Spirit   .   a - +0 robe
rPois   .          Reflect  .   f - +0 helmet
rElec   .          Harm     .   (no cloak)
rCorr   .          Rampage  .   (no gloves)
Will    .....                   (no boots)
Stlth   ++........              (no amulet)
HPRegen 0.08/turn               (no ring)
MPRegen 0.12/turn               (no ring)

@: no status effects
A: no striking features
a: no special abilities


You were on level 2 of the Dungeon.
You visited 1 branch of the dungeon, and saw 2 of its levels.

You collected 51 gold pieces.

Inventory:

Hand Weapons
 b - a +0 dagger
 e - a +0 short sword (weapon)
 h - a +2 hunting sling of freezing
Armour
 a - a +0 robe (worn)
 f - a +0 helmet (worn)
Scrolls
 c - a scroll of noise {unknown}
 d - a scroll of teleportation {unknown}
Potions
 g - a potion of ambrosia {unknown}


   Skills:
 * Level 1.4 Fighting
 + Level 3.0 Dodging
 + Level 3.0 Stealth
 + Level 3.4 Spellcasting
 + Level 4.6 Conjurations
 + Level 1.7 Hexes


You had 6 spell levels left.
You knew the following spells:

 Your Spells              Type           Power      Damage    Failure   Level
a - Magic Dart            Conj           100%       1d8       1%          1
b - Searing Ray           Conj           54%        2d6       2%          2

Your spell library contained the following spells:

 Spells                   Type           Power      Damage    Failure   Level
 Dazzling Flash           Conj/Hex       40%        N/A       8%          3
 Fulminant Prism          Conj/Hex       10%        3d9       26%         4
 Iskenderun's Mystic Bla  Conj/Tloc      16%        2d5       36%         4


Dungeon Overview and Level Annotations

Branches:
Dungeon (2/15)

Altars:

Annotations:
D:2 Sigmund


Message History

Items here: ))) †††.
You see here a hobgoblin corpse.
Sigmund the Dreaded comes into view.
He is wielding a +0 scythe and carrying a wand of digging (5).
Sigmund shouts!
Sigmund casts a spell.
Sigmund flickers and vanishes!
Deactivating autopickup; reactivate with Ctrl-A.
You see here a hobgoblin corpse.
There is a stone staircase leading up, spattered with blood here.
You see here a +0 club.
You hear a zap.
Some rock shatters into small pieces.
Items here: ))) †††.
A magic dart appears from out of thin air!
The magic dart hits you!
Items here: ( )) [.
Casting: Magic Dart (safe; 1% risk of failure)
Confirm with . or Enter, or press ? or * to list all spells.
You can't see any susceptible monsters within range! (Use Z to cast anyway.)
Casting: Magic Dart (safe; 1% risk of failure)
Confirm with . or Enter, or press ? or * to list all spells.
Aiming: Searing Ray (safe; 2% risk of failure)
Press: ? - help, Shift-Dir - straight line (Press . to maintain the ray.)
A puff of flame appears from out of thin air!
The puff of flame hits you!
The searing ray hits something.
You finish channelling your searing ray.
Something hits you!
* * * LOW HITPOINT WARNING * * *
Casting: Searing Ray (safe; 2% risk of failure)
Confirm with . or Enter, or press ? or * to list all spells.
You can't see any susceptible monsters within range! (Use Z to cast anyway.)
Casting: Searing Ray (safe; 2% risk of failure)
Confirm with . or Enter, or press ? or * to list all spells.
Aiming: Searing Ray (safe; 2% risk of failure)
Press: ? - help, Shift-Dir - straight line (Press . to maintain the ray.)
Something hits you.
You die...

#.....# #.#)###
#.#).## #.#...##
. ##†<.# .
##)#.# #{# ..
#.# ....
##@###....
#.........
......[.........
.....##.........
##.. #.....####
## #.....#
#.....# #######


There were no monsters in sight!

Vanquished Creatures
  Robin (D:2)
  3 dart slugs (D:1)
  2 ball pythons (D:1)
  8 endoplasms (D:1)
  A giant cockroach (D:1)
  6 hobgoblins
  2 quokkas (D:1)
  2 bats (D:1)
  5 frilled lizards (D:1)
  12 goblins
  2 kobolds (D:1)
  6 rats (D:1)
50 creatures vanquished.

Notes
Turn   | Place    | Note
-------+----------+-------------------------------------------
     0 | D:1      | EiAlmux the Deep Elf Conjurer began the quest for the Orb.
     0 | D:1      | Reached XP level 1. HP: 10/10 MP: 6/6
   191 | D:1      | Reached XP level 2. HP: 16/16 MP: 5/8
   620 | D:1      | Reached skill level 1 in Fighting
   620 | D:1      | Reached skill level 1 in Hexes
   915 | D:1      | Reached XP level 3. HP: 20/20 MP: 7/9
  1644 | D:2      | Noticed Robin
  1671 | D:1      | Learned a level 2 spell: Searing Ray
  1759 | D:2      | Killed Robin
  1851 | D:2      | Reached XP level 4. HP: 25/25 MP: 9/11
  1934 | D:2      | Noticed Sigmund
  1948 | D:2      | HP: 1/25 [something (9)]
  1949 | D:2      | Slain by Sigmund

Illustrated notes

Levels and vault maps discovered:
D:1:      nagdon_arrival_zigzag_paths, layout_basic, hangedman_feature_mirror,
          minivault_4, minmay_stone_trees_medium
D:2:      layout_rooms, uniq_jessica, uniq_robin, uniq_sigmund

Skill      XL: |  1  2  3 |
---------------+----------+-----
Fighting       | 1 |  1.4
Hexes          | 1 |  1.7
Dodging        | 3 |  3.0
Stealth        | 3 |  3.0
Spellcasting   | |  3.4
Conjurations   | |  4.6

Action                   |  1- 3 |  4- 6 || total
-------------------------+-------+-------++-------
Melee: Short sword       |     2 |       ||     2
 Cast: Magic Dart        |    74 |     6 ||    80
       Searing Ray       |     2 |     2 ||     4
Armor: Robe              |     1 |       ||     1
Dodge: Dodged            |    11 |     1 ||    12

Table legend: (Time is in decaauts)
 A = Elapsed time spent in this place.
 B = Non-inter-level travel time spent in this place.
 C = Inter-level travel time spent in this place.
 D = Time resting spent in this place.
 E = Time spent auto-exploring this place.
 F = Levels seen in this place.
 G = Mean time per level.
                   A        B        C        D        E       F      G
               +--------+--------+--------+--------+--------+-----+--------+
         Total |   1950 |   1916 |     34 |    219 |   1502 |   2 |  975.0 |
       Dungeon |   1950 |   1916 |     34 |    219 |   1502 |   2 |  975.0 |
               +--------+--------+--------+--------+--------+-----+--------+

Top non-repeatable levels by time:
     D:1: 1801 daAuts
     D:2: 148 daAuts
